 Dungeon Crawl Stone Soup version 0.22.2-1-ge965b3aba3 (webtiles) character file.

83 Freitmort the Firebug (level 4, -5/24 HPs)
             Began as a Deep Elf Fire Elementalist on Oct 1, 2019.
             Slain by a gnoll
             ... wielding a +0 flail
              (12 damage)
             ... on level 3 of the Dungeon.
             The game lasted 00:12:34 (2441 turns).

Freitmort the Firebug (Deep Elf Fire Elementalist)  Turns: 2441, Time: 00:12:34

Health: -5/24      AC:  2    Str: 11    XL:     4   Next: 22%
Magic:  1/12       EV: 18    Int: 20    God:
Gold:   126        SH:  0    Dex: 20    Spells: 5/11 levels left

rFire    . . .     SeeInvis .   h - +0 short sword
rCold    . . .     Gourm    .   (no shield)
rNeg     . . .     Faith    .   a - +0 robe
rPois    .         Spirit   .   (no helmet)
rElec    .         Reflect  .   (no cloak)
rCorr    +         Harm     .   (no gloves)
MR       .....                  (no boots)
Stlth    ++++......             (no amulet)
HPRegen  0.08/turn              f - ring of resist corrosion
MPRegen  0.13/turn              (no ring)

@: mighty, agile, very slightly contaminated
A: no striking features
a: no special abilities


You were on level 3 of the Dungeon.
You were not hungry.

You visited 1 branch of the dungeon, and saw 3 of its levels.

You collected 126 gold pieces.

Inventory:

Hand Weapons
 h - a +0 short sword (weapon)
Armour
 a - a +0 robe (worn)
Jewellery
 f - a ring of resist corrosion (left hand)
Comestibles
 c - 3 rations


   Skills:
 + Level 2.4 Dodging
 + Level 2.8 Stealth
 + Level 4.0 Spellcasting
 * Level 2.3 Conjurations
 + Level 4.4 Fire Magic


You had 5 spell levels left.
You knew the following spells:

 Your Spells              Type           Power        Failure   Level  Hunger
a - Flame Tongue          Conj/Fire      ###..        3%          1    None
b - Throw Flame           Conj/Fire      ###...       4%          2    #......
c - Conjure Flame         Conj/Fire      ###.....     10%         3    ###....

Your spell library contained the following spells:

 Spells                   Type           Power        Failure   Level  Hunger
 Inner Flame              Hex/Fire       ##......     16%         3    ###....
 Sticky Flame             Conj/Fire      ###.....     32%         4    ####...
 Fireball                 Conj/Fire      ###.......   65%         5    ######.


Dungeon Overview and Level Annotations

Branches:
Dungeon (3/15)

Altars:
Ashenzari
Elyvilon
Gozag
Hepliaklqana
Zin
The Shining One

Annotations:
D:2 Terence


Message History

You hit the orc.
The orc is severely wounded.
The orc hits you with a club.
You hit the orc.
You kill the orc!
You puncture the gnoll!
The gnoll is severely wounded.
The gnoll misses you.
You hit the gnoll.
The gnoll is almost dead.
The gnoll hits you!
* * * LOW HITPOINT WARNING * * *
You hit the gnoll.
You kill the gnoll!
Your Spellcasting skill increases to level 4!
You puncture the gnoll!
The gnoll is heavily wounded.
The gnoll hits you with a flail!
Ouch! That really hurt!
You die...

## #.#..# .#
###...###..### ##
..#..#..#... (#
..###...###.# ##
.#..#..#..#.. .
.###...###...#
#.#..#..#..#..#.#
####...###...####
.#..#..#.(#..#@#
#..###...###gg##
###.#.#..#..#.##.......
...?##..###..## ..<....
#....##..#..## .>.....
.......!....# ####...
###..######## .. .##..#
. ..#..#


You could see 2 gnolls.

Vanquished Creatures
  An adder (D:2)
  2 gnolls (D:3)
  An ooze (D:1)
  2 dart slugs (D:2)
  An orc (D:3)
  A giant cockroach (D:1)
  3 goblins
  9 hobgoblins
  2 quokkas (D:2)
  6 bats
  4 frilled lizards
  7 kobolds
  7 rats
46 creatures vanquished.

Notes
Turn   | Place    | Note
-------+----------+-------------------------------------------
     0 | D:1      | Freitmort the Deep Elf Fire Elementalist began the quest
                  | for the Orb.
     0 | D:1      | Reached XP level 1. HP: 10/10 MP: 6/6
   255 | D:1      | Reached XP level 2. HP: 14/15 MP: 6/8
   478 | D:1      | Learned a level 2 spell: Throw Flame
   703 | D:1      | Reached XP level 3. HP: 19/19 MP: 8/10
   723 | D:1      | Learned a level 3 spell: Conjure Flame
  1288 | D:2      | Noticed Terence
  1871 | D:2      | Found a glowing silver altar of Zin.
  1871 | D:2      | Found a glowing golden altar of the Shining One.
  1872 | D:2      | Found a white marble altar of Elyvilon.
  2100 | D:2      | Found an opulent altar of Gozag.
  2104 | D:2      | Found a shattered altar of Ashenzari.
  2330 | D:2      | You fall through a shaft!
  2367 | D:3      | Found a hazy altar of Hepliaklqana.
  2423 | D:3      | Reached XP level 4. HP: 18/24 MP: 5/11
  2441 | D:3      | Slain by a gnoll

Skill      XL: |  1  2  3  4 |
---------------+-------------+-----
Fire Magic     | 4 |  4.4
Conjurations   | 2 |  2.3
Spellcasting   | 4 |  4.0
Dodging        | |  2.4
Stealth        | |  2.8

Action                   |  1- 3 |  4- 6 || total
-------------------------+-------+-------++-------
Melee: Short sword       |       |    10 ||    10
 Cast: Flame Tongue      |    57 |     6 ||    63
       Throw Flame       |     9 |       ||     9
  Use: Scroll            |     2 |       ||     2
       Potion            |       |     2 ||     2
  Eat: Chunk             |     2 |       ||     2
       Ration            |     1 |       ||     1
Armor: Robe              |     6 |     2 ||     8
Dodge: Dodged            |    21 |     8 ||    29
